 Dungeon Crawl Stone Soup version 0.27-a0-1154-gfdeffcb720 (webtiles) character file.

Game seed: 4436399441839167020

174 Mgcat the Magician (level 5, -6/38 HPs)
             Began as a Djinni Fire Elementalist on May 14, 2021.
             Was a Follower of Uskayaw.
             Mangled by a scorpion (8 damage)
             ... on level 3 of the Dungeon.
             The game lasted 00:04:26 (3538 turns).

Mgcat the Magician (Djinni Fire Elementalist)       Turns: 3538, Time: 00:04:27

Health: -6/38      AC:  3    Str:  7    XL:     5   Next: 84%
Gold:   117        EV: 13    Int: 17    God:    Uskayaw [*.....] SH:  0 Dex: 14

rFire    + + .     SeeInvis .   g - +0 short sword
rCold    x . .     Faith    .   (no shield)
rNeg     + . .     Spirit   .   a - +1 robe
rPois    ∞         Reflect  .   (no helmet)
rElec    .         Harm     .   (no cloak)
rCorr    .         Rampage  .   (no gloves)
Will     .....                  (boots unavailable)
Stlth    ++........             (no amulet)
HPRegen  0.12/turn              d - ring of positive energy {rN+}
MPRegen  0.00/turn              (no ring)

@: flying
A: sickness immunity, fire resistance 2, cold vulnerability 1, float, innate
caster, hp casting, extra vitality 1
a: Renounce Religion, Stomp


You were on level 3 of the Dungeon.
You worshipped Uskayaw.
Uskayaw was noncommittal.
You visited 1 branch of the dungeon, and saw 4 of its levels.

You collected 117 gold pieces.

Inventory:

Hand Weapons
 g - a +0 short sword (weapon)
   (You took it off a kobold on level 1 of the Dungeon)
Armour
 a - a +1 robe (worn)
Jewellery
 b - an amulet of magic regeneration
   (You found it on level 1 of the Dungeon)
 d - a ring of positive energy (left hand) {rN+}
   (You found it on level 1 of the Dungeon)
 m - a +4 ring of protection
   (You found it on level 2 of the Dungeon)
Potions
 c - a potion of attraction {unknown}
 h - a potion of heal wounds
 j - a potion of lignification {unknown}
 l - a potion of mutation {unknown}
 n - a potion of flight {unknown}
 p - a potion of brilliance


   Skills:
 + Level 2.0 Fighting
 + Level 3.3 Dodging
 + Level 2.6 Stealth
 * Level 3.4 Spellcasting


You couldn't memorise any spells.
You knew the following spells:

 Your Spells              Type           Power      Damage    Failure   Level
a - Foxfire               Conj/Fire      56%        2x1d6     4%          1
b - Conjure Flame         Conj/Fire      14%        6-21      12%         3
c - Inner Flame           Hex/Fire       14%        N/A       12%         3
d - Sticky Flame          Conj/Fire      14%        2d4       36%         4
e - Fireball              Conj/Fire      7%         3d5       73%         5
f - Beastly Appendage     Tmut           28%        N/A       4%          1
g - Blink                 Tloc           N/A        N/A       6%          2
Your spell library was empty.

Dungeon Overview and Level Annotations

Branches:
Dungeon (4/15)
 Temple: D:4-7

Altars:
Uskayaw

Shops:
D:1 :   D:2 (


Innate Abilities, Weirdness & Mutations

You are immune to sickness and miasma.
You are immune to poison.
Your flesh is very heat resistant. (rF++)
You are vulnerable to cold. (rC-)
You float through the air rather than walking.
You learn spells naturally, not from books.
Your magical power is your life essence.
You have superior vitality. (+4 HP)


Message History

You now have 117 gold pieces (gained 13).
A scorpion comes into view.
Casting: Foxfire (safe; 4% risk of failure)
Confirm with . or Enter, or press ? or * to list all spells.
You conjure some foxfire!
The foxfire hits the scorpion but does no damage.
You take 1 damage, and have 37/38 hp.
Casting: Foxfire (safe; 4% risk of failure)
Confirm with . or Enter, or press ? or * to list all spells.
You conjure some foxfire!
The foxfire hits the scorpion but does no damage.
Casting: Foxfire (safe; 4% risk of failure)
Confirm with . or Enter, or press ? or * to list all spells.
You conjure some foxfire!
The foxfire hits the scorpion.
The scorpion is lightly wounded.
You take 1 damage, and have 36/38 hp.
Your foxfire dissipates!
Casting: Foxfire (safe; 4% risk of failure)
Confirm with . or Enter, or press ? or * to list all spells.
You miscast Conjure Flame.
You are very lightly contaminated with residual magic.
Flames sear your flesh. You resist. The scorpion misses you.
The scorpion stings you but does no damage.
You take 5 damage, and have 31/38 hp.
The scorpion stings you but does no damage.
Your magical contamination has completely faded away.
The scorpion barely misses you.
A gnoll comes into view. It is wielding a +0 spear.
The gnoll moves out of view.
There is a stone staircase leading up here.
You see here a potion of degeneration {!q}.
The scorpion stings you.
You fly upwards.
There is a stone staircase leading down here.
You take 1 damage, and have 32/38 hp.
Casting: Conjure Flame (dangerous; 12% risk of failure)
Confirm with . or Enter, or press ? or * to list all spells.
You miscast Conjure Flame.
You are very lightly contaminated with residual magic.
Nothing appears to happen.
The scorpion stings you. The scorpion barely misses you.
You take 6 damage, and have 26/38 hp.
Casting: Conjure Flame (dangerous; 12% risk of failure)
Confirm with . or Enter, or press ? or * to list all spells.
You conjure some foxfire!
The scorpion misses you.
The foxfire hits the scorpion.
The scorpion is lightly wounded.
The foxfire hits the scorpion.
The scorpion is moderately wounded.
The scorpion closely misses you.
You take 1 damage, and have 25/38 hp.
Unknown command.
Unknown command.
Casting: Foxfire (safe; 4% risk of failure)
Confirm with . or Enter, or press ? or * to list all spells.
You conjure some foxfire!
The scorpion stings you!
The foxfire hits the scorpion but does no damage.
The scorpion is moderately wounded.
The foxfire hits the scorpion but does no damage.
The scorpion is moderately wounded.
The scorpion misses you.
You take 8 damage, and have 17/38 hp.
MASSIVE DAMAGE!!
Casting: Foxfire (safe; 4% risk of failure)
Confirm with . or Enter, or press ? or * to list all spells.
You conjure some foxfire!
The scorpion closely misses you. The scorpion stings you.
The foxfire hits the scorpion but does no damage.
The scorpion is moderately wounded.
The foxfire hits the scorpion but does no damage.
The scorpion is moderately wounded.
The scorpion completely misses you.
You take 3 damage, and have 14/38 hp.
Casting: Foxfire (safe; 4% risk of failure)
Confirm with . or Enter, or press ? or * to list all spells.
You conjure some foxfire!
The scorpion stings you.
Your magical contamination has completely faded away.
The foxfire hits the scorpion.
The scorpion is heavily wounded.
The foxfire hits the scorpion but does no damage.
The scorpion is heavily wounded.
The scorpion stings you.
* * * LOW HITPOINT WARNING * * *
You take 4 damage, and have 10/38 hp.
The scorpion stings you.
* * * LOW HITPOINT WARNING * * *
The scorpion stings you.
* * * LOW HITPOINT WARNING * * *
You take 6 damage, and have 4/38 hp.
Casting: Foxfire (safe; 4% risk of failure)
Confirm with . or Enter, or press ? or * to list all spells.
You conjure some foxfire!
* * * LOW HITPOINT WARNING * * *
The scorpion stings you.
* * * LOW HITPOINT WARNING * * *
The foxfire hits the scorpion.
The scorpion is heavily wounded.
The foxfire hits the scorpion.
The scorpion is severely wounded.
The scorpion stings you!
You die...

# ##....#......##....#
#### ####.#.#.......##g#
...# ###.#######.##.##
.#.# ######...# #...#..#
.#.###......8.## ##.8....#
........###....# #....#..#
.#.###..####...###...##.##
.#.# #...# #.).§#....##(#
...# #.#.####...@...###.#
...# #......#.>s8.>.# #.#
...# ###.####.......###.#
...# #.# #....#....##.#
..## ###.###...###...##.##
..# #....#....# #....#..#
..# #.#....8.## ##.8....#
..####.#.##...# #...#..#
.....).#.###'## ##+##.##


You could see a scorpion.

Vanquished Creatures
  A water moccasin skeleton (D:4)
  3 gnolls
  2 adders
  2 worms (D:2)
  A dart slug (D:2)
  2 ball pythons
  4 endoplasms
  A giant cockroach (D:1)
  2 goblins
  6 hobgoblins
  3 jackals (D:2)
  4 kobolds
  A quokka (D:2)
  5 bats
  3 frilled lizards
  7 rats
47 creatures vanquished.

Vanquished Creatures (collateral kills)
  A jelly (D:4)
  A ball python (D:4)
  15 foxfires (D:3)
17 creatures vanquished.

Vanquished Creatures (others)
  189 foxfires
189 creatures vanquished.

Grand Total: 253 creatures vanquished

Notes
Turn   | Place    | Note
-------+----------+-------------------------------------------
     0 | D:1      | Mgcat the Djinni Fire Elementalist began the quest for the
                  | Orb.
     0 | D:1      | Reached XP level 1. HP: 15/15 MP: 0/0
   207 | D:1      | Reached XP level 2. HP: 16/22 MP: 0/0
   229 | D:1      | Found Gaumek's Book Shop.
   715 | D:1      | Found a faded altar of an unknown god.
   783 | D:1      | Became a worshipper of Uskayaw the Reveller
   783 | D:1      | Reached * piety under Uskayaw
   820 | D:2      | Reached ** piety under Uskayaw
   821 | D:2      | Reached XP level 3. HP: 23/26 MP: 0/0
   821 | D:2      | Learned a level 1 spell: Beastly Appendage
   864 | D:2      | Reached skill level 2 in Stealth
   870 | D:2      | Found Kapuzuc's Antique Weapon Boutique.
   955 | D:2      | Reached skill level 1 in Fighting
  1418 | D:2      | Reached XP level 4. HP: 19/32 MP: 0/0
  1789 | D:3      | Reached skill level 3 in Spellcasting
  2384 | D:3      | HP: 6/32 [gnoll/+0 spear (9)]
  2385 | D:3      | Reached *** piety under Uskayaw
  2831 | D:3      | Reached skill level 3 in Dodging
  2985 | D:3      | Reached XP level 5. HP: 34/37 MP: 0/0
  2985 | D:3      | Learned a level 2 spell: Blink
  3355 | D:4      | Reached skill level 2 in Fighting
  3536 | D:3      | HP: 7/38 [scorpion (3)]
  3537 | D:3      | HP: 2/38 [scorpion (2)]
  3538 | D:3      | Mangled by a scorpion

Illustrated notes

Levels and vault maps discovered:
D:1:      mushboom_english_gardens, layout_loops_ring,
          shapermc_ecumenical_altar_totnotflames, serial_shops, shop
D:2:      layout_basic, serial_shops, shop
D:3:      layout_loops_cross, minmay_hedge_maze, minmay_crystal_room,
          grunt_ministairs_13, minmay_surrounded
D:4:      layout_loops_ring, portal_sewer_entry_f, lightli_minifort, uniq_robin

Skill      XL: |  1  2  3  4  5 |
---------------+----------------+-----
Stealth        | 2 |  2.6
Fighting       | 1 2 |  2.0
Spellcasting   | 3 |  3.4
Dodging        | 3 |  3.3

Action                   |  1- 3 |  4- 6 || total
-------------------------+-------+-------++-------
Melee: Short sword       |       |     2 ||     2
 Cast: Foxfire           |    69 |    71 ||   140
  Use: Scroll            |       |     6 ||     6
Armor: Robe              |     5 |     4 ||     9
Dodge: Dodged            |     9 |    39 ||    48

Table legend: (Time is in decaauts)
 A = Elapsed time spent in this place.
 B = Non-inter-level travel time spent in this place.
 C = Inter-level travel time spent in this place.
 D = Time resting spent in this place.
 E = Time spent auto-exploring this place.
 F = Levels seen in this place.
 G = Mean time per level.
                   A        B        C        D        E       F      G
               +--------+--------+--------+--------+--------+-----+--------+
         Total |   3539 |   3391 |    148 |    391 |   2499 |   4 |  884.8 |
       Dungeon |   3539 |   3391 |    148 |    391 |   2499 |   4 |  884.8 |
               +--------+--------+--------+--------+--------+-----+--------+

Top non-repeatable levels by time:
     D:3: 1367 daAuts
     D:2: 1175 daAuts
     D:1: 813 daAuts
     D:4: 183 daAuts

Table legend:
 A = Kills in this place as a percentage of kills in entire the game.
 B = Kills by you in this place as a percentage of kills by you in the entire game.
 C = Kills by friends in this place as a percentage of kills by friends in the entire game.
 D = Other kills in this place as a percentage of other kills in the entire game.
 E = Experience gained in this place as a percentage of experience gained in the entire game.
 F = Experience gained in this place divided by the number of levels of this place that you have seen.
                   A       B       C       D       E      F
               +-------+-------+-------+-------+-------+----------------------
         Total | 100.0 | 100.0 | 100.0 |   N/A | 100.0 |  62.2
       Dungeon | 100.0 | 100.0 | 100.0 |   N/A | 100.0 |  62.2
               +-------+-------+-------+-------+-------+----------------------
